 Dungeon Crawl Stone Soup version 0.18.1-50-g88ac8fd (webtiles) character file.

60 magog001 the Sneak (level 3, -6/27 HPs)
             Began as a Vampire Assassin on Dec 19, 2016.
             Mangled by magog001's ghost (10 damage)
             ... on level 3 of the Dungeon.
             The game lasted 00:16:50 (2272 turns).

magog001 the Sneak (Vampire Assassin)               Turns: 2272, Time: 00:16:51

Health: -6/27      AC:  3    Str: 11    XL:     3   Next: 80%
Magic:  3/3        EV:  6    Int: 13    God:
Gold:   101        SH:  3    Dex: 15    Spells: 0 memorised, 2 levels left

rFire  . . .     SeeInvis +     h - +4 dagger
rCold  . . .     Gourm    .     c - +0 robe
rNeg   + . .     Faith    .     q - +0 buckler
rPois  .         Spirit   .     (no helmet)
rElec  .         Dismiss  .     d - +0 cloak
rCorr  .         Reflect  .     (no gloves)
SustAt .         Harm     .     (no boots)
MR     .....                    (no amulet)
Stlth  ++++......               (no ring)
                                (no ring)

@: not resistant to hostile enchantments, stealthy
A: fangs 3, see invisible, unbreathing
a: Bat Form


You were on level 3 of the Dungeon.
You were not thirsty.

You visited 1 branch of the dungeon, and saw 3 of its levels.

You collected 101 gold pieces.

Inventory:

Hand Weapons
 b - a +0 blowgun
 h - a +4 dagger (weapon)
Missiles
 e - 7 poisoned needles
 f - 2 curare-tipped needles
 g - 22 sling bullets
 i - 16 bolts
 u - 2 tomahawks (quivered)
Armour
 c - a +0 robe (worn)
 d - a +0 cloak (worn)
 k - a +0 ring mail
 q - a +0 buckler (worn)
 y - a cursed +0 chain mail
Scrolls
 j - 2 scrolls of remove curse
 l - a scroll of fear {unknown}
 m - a scroll of enchant weapon {unknown}
 n - a scroll of amnesia {unknown}
 o - 3 scrolls of identify
 p - a scroll of noise
 s - a scroll of teleportation
 v - a scroll of blinking {unknown}
 w - a scroll of random uselessness
 x - a scroll of fog {unknown}
Potions
 a - 3 potions of curing
 r - 7 potions of blood
 z - a potion of degeneration {unknown}
Books
 t - a book of Transfigurations

   Spells                             Type                      Level
   a - Irradiate                      Conjuration/Transmutation    5
   b - Statue Form                    Transmutation/Earth          6
   c - Hydra Form                     Transmutation                6
   d - Dragon Form                    Transmutation                7


   Skills:
 + Level 1.9 Fighting
 + Level 2.4 Short Blades
 + Level 1.9 Throwing
 + Level 1.4 Dodging
 + Level 7.6 Stealth


You had 2 spell levels left.
You didn't know any spells.

Dungeon Overview and Level Annotations

Branches:
Dungeon (3/15)

Altars:
Elyvilon
Okawaru
Yredelemnul

Annotations:
D:3 magog001's ghost, amateur CeHu


Innate Abilities, Weirdness & Mutations

You have razor-sharp teeth.
You have supernaturally acute eyesight.
You can survive without breathing.


Message History

Magog001's ghost moves out of view.
A kobold comes into view. It is wielding a whip.
Magog001's ghost effortlessly reloads its weapon.
You block magog001's ghost's attack. Magog001's ghost hits you.
You closely miss magog001's ghost. Magog001's ghost hits you.
You hit magog001's ghost.
Magog001's ghost is lightly damaged.
Magog001's ghost hits you but does no damage.
You hit magog001's ghost but do no damage.
Magog001's ghost is lightly damaged.
Magog001's ghost hits you.
You hit magog001's ghost but do no damage.
Magog001's ghost is lightly damaged.
Magog001's ghost hits you!
* * * LOW HITPOINT WARNING * * *
Magog001's ghost barely misses you.
There is a stone staircase leading down here.
Magog001's ghost hits you!
You die...

.#
#####.##†..##....
.# #..#.....#..# .#
#....._.....# .#
#..#.....#..# .#
##.##...##..# ..
#..........# #.
###........# ####
####.#########.....
#...@.#..........
#####W#.#.#.#.#K#K
#.#...........
#.....o.....⌠.
#........_....
#.#...⌠.....⌠
#.#..........
#...#.#.#.#.#.
###...........


You could see magog001's ghost.

Vanquished Creatures
  An ooze (D:1)
  2 worms (D:2)
  3 dart slugs
  A giant gecko (D:2)
  An orc (D:3)
  3 giant cockroaches
  5 goblins (D:1)
  3 hobgoblins
  A quokka (D:2)
  7 bats
  2 giant newts (D:2)
  6 kobolds
  8 rats
43 creatures vanquished.

Notes
Turn   | Place    | Note
--------------------------------------------------------------
     0 | D:1      | magog001 the Vampire Assassin began the quest for the Orb.
     0 | D:1      | Reached XP level 1. HP: 16/16 MP: 1/1
    66 | D:1      | Reached skill level 6 in Stealth
   186 | D:1      | Reached XP level 2. HP: 22/22 MP: 2/2
  1316 | D:2      | Reached skill level 7 in Stealth
  1316 | D:2      | Reached XP level 3. HP: 26/27 MP: 3/3
  1610 | D:2      | Found a basalt altar of Yredelemnul.
  2220 | D:3      | Found an iron altar of Okawaru.
  2249 | D:3      | Found a white marble altar of Elyvilon.
  2253 | D:3      | Noticed magog001's ghost (amateur CeHu)
  2272 | D:3      | Mangled by magog001's ghost

Skill      XL: |  1  2 |
---------------+-------+-----
Stealth        | 6 7 |  7.6
Fighting       | |  1.9
Short Blades   | |  2.4
Throwing       | |  1.9
Dodging        | |  1.4

Action                   || total
-------------------------++-------
Melee: Dagger            ||   142
       Bite              ||     8
 Fire: Blowgun           ||    13
  Use: Potion            ||     8
       Scroll            ||     4
 Stab: Sleeping          ||    17
Armor: Robe              ||    26
Dodge: Dodged            ||    75
Block: Buckler           ||     5
